 Dungeon Crawl Stone Soup version 0.29.0-5-ge4962eb29e (webtiles) character file.

Game seed: 18256491080417822524

222827 Flugkiller the Tortoise (level 17, -2/162 HPs)
             Began as a Minotaur Fighter on Aug 29, 2022.
             Was the Champion of Okawaru.
             Killed from afar by an efreet (4 damage)
             ... with a fireball
             ... on level 4 of the Abyss.
             The game lasted 00:18:39 (25111 turns).

Flugkiller the Tortoise (Minotaur Fighter)         Turns: 25111, Time: 00:18:39

Health: -2/162     AC: 41    Str: 26    XL:     17   Next: 55%
Magic:  31/31      EV: 13    Int: 13    God:    Okawaru [******]
Gold:   2519       SH: 21    Dex: 16    Spells: 16/16 levels left

rFire   + + .      SeeInvis .   a - +9 broad axe (flame)
rCold   . . .      Faith    .   f - +2 kite shield {AC+3}
rNeg    + . .      Spirit   .   n - +2 plate armour {rPois}
rPois   +          Reflect  +   I - +3 hat of Pondering {ponderous, Will+ MP+10 Int+5}
rElec   +          Harm     .   y - +1 cloak of Day {Regen+}
rCorr   .          Rampage  .   H - +0 pair of gloves "Zaxkiz" {rElec Will+ Int+3}
Will    ++++.                   s - +4 pair of boots of Incorporation {rF+ Will+ Str+3}
Stlth   ..........              i - amulet "Mejocap" {Reflect +Blink rF+ rN+ SH+5}
HPRegen 0.00/turn               p - +4 ring of protection
MPRegen 0.22/turn               Q - +4 ring of slaying

@: sick, studying Invocations, invisible, slow
A: horns 2, retaliatory headbutt, low MP 1, mutation resistance 1, (teleportitis
1), inability to read after injury 1
}: 3/15 runes: decaying, abyssal, gossamer
a: Renounce Religion, Evoke Blink, Heroism, Finesse, Duel


You were on level 4 of the Abyss.
You worshipped Okawaru.
Okawaru was exalted by your worship.
You visited 5 branches of the dungeon, and saw 30 of its levels.
You visited the Abyss 1 time.
You also visited: Gauntlet.

You collected 4884 gold pieces.
You spent 2365 gold pieces at shops.

Inventory:

Hand Weapons
 a - a +9 broad axe of flaming (weapon)
   (You acquired it on level 1 of the Lair of Beasts)
 b - a +1 eveningstar of distortion
   (You took it off Louise on level 15 of the Dungeon)
Missiles
 e - 3 throwing nets (quivered)
Armour
 f - a +2 kite shield of protection (worn)
   (You acquired it on level 11 of the Dungeon)
 n - a +2 plate armour of poison resistance (worn)
   (You bought it in a shop on level 2 of the Orcish Mines)
 s - the +4 pair of boots of Incorporation (worn) {rF+ Will+ Str+3}
   (You acquired it on level 3 of the Spider Nest)

   Str:       It affects your strength (+3).
   rF:        It protects you from fire.
   Will:      It increases your willpower.
 y - the +1 cloak of Day (worn) {Regen+}
   (You bought it in a shop on level 7 of the Dungeon)

   Regen:     It increases your rate of health regeneration.
 H - the +0 pair of gloves "Zaxkiz" (worn) {rElec Will+ Int+3}
   (Okawaru gifted it to you on level 10 of the Dungeon)

   Int:       It affects your intelligence (+3).
   rElec:     It insulates you from electricity.
   Will:      It increases your willpower.
 I - the +3 hat of Pondering (worn) {ponderous, Will+ MP+10 Int+5}
   (You found it on level 9 of the Dungeon)

   Int:       It affects your intelligence (+5).
   MP:        It affects your magic capacity (+10).
   Will:      It increases your willpower.
 P - a +0 tower shield of protection
   (You took it off Louise on level 15 of the Dungeon)
 R - the +9 plate armour "Waufron" {Dex+3}
   (You bought it in a shop on level 2 of the Orcish Mines)

   Dex:       It affects your dexterity (+3).
Jewellery
 i - the amulet "Mejocap" (around neck) {Reflect +Blink rF+ rN+ SH+5}
   (You acquired it on level 12 of the Dungeon)

   [amulet of reflection]

   It reflects blocked missile attacks.
   rF:        It protects you from fire.
   rN:        It protects you from negative energy.
   +Blink:    It lets you blink.
   SH:        It affects your SH (+5).
 j - a +4 ring of slaying
   (You found it on level 14 of the Dungeon)
 m - a ring of willpower
   (You found it on level 1 of the Spider Nest)
 p - a +4 ring of protection (left hand)
   (You found it on level 11 of the Dungeon)
 G - a +4 ring of protection
   (You found it on level 5 of the Lair of Beasts)
 L - an amulet of regeneration
   (You found it on level 7 of the Dungeon)
 M - the ring of Kull {Ice rPois Will- Int+3}
   (You found it in a Gauntlet)

   [ring of ice]

   It enhances your ice magic.
   Int:       It affects your intelligence (+3).
   rF:        It makes you vulnerable to fire.
   rC:        It protects you from cold.
   rPois:     It protects you from poison.
   Will:      It decreases your willpower.
 N - a ring of flight
   (You found it in a Gauntlet)
 Q - a +4 ring of slaying (right hand)
   (You found it on level 15 of the Dungeon)
 S - an amulet of the acrobat
   (You found it on level 1 of the Swamp)
Wands
 c - a wand of acid (14)
   (You found it on level 1 of the Lair of Beasts)
 g - a wand of digging (17)
   (You took it off Sigmund on level 5 of the Dungeon)
 D - a wand of iceblast (16)
   (You found it on level 8 of the Dungeon)
Scrolls
 l - a scroll of magic mapping
 o - 4 scrolls of fear
 r - 20 scrolls of identify
 t - 4 scrolls of teleportation
 z - a scroll of blinking
 A - 2 scrolls of vulnerability
 B - 2 scrolls of immolation
 F - 7 scrolls of enchant armour
Potions
 d - a potion of might
 h - 2 potions of haste
 k - 2 potions of mutation
 q - 4 potions of curing
 u - 2 potions of magic
 v - a potion of berserk rage {unknown}
 w - 3 potions of invisibility
 E - 5 potions of lignification
 J - 4 potions of ambrosia
 K - 3 potions of flight
 O - 2 potions of cancellation
Miscellaneous
 C - a tin of tremorstones (inert)
   (You found it on level 1 of the Lair of Beasts)


   Skills:
 + Level 17.5 Fighting
 - Level 18.0 Axes
 + Level 19.9 Armour
 + Level 11.6 Dodging
 + Level 16.7 Shields
 - Level 11.0 Invocations
 - Level 6.0 Evocations


You had 16 spell levels left.
You didn't know any spells.
Your spell library was empty.

Dungeon Overview and Level Annotations

Branches:
Dungeon (15/15)            Temple (0/1) D:4            Lair (5/5) D:9
  Swamp (4/4) Lair:3       Spider (4/4) Lair:2        Slime (0/5) Lair:4
    Orc (2/2) D:11            Elf (0/3) Orc:2        Vaults (0/5) D:14
 Depths (0/4) D:15        Gauntlet (visited)

Altars:
Cheibriados
Dithmenos
Hepliaklqana
Makhleb
Nemelex Xobeh
Okawaru
Ru
Sif Muna
Vehumet
Wu Jian
Zin
The Shining One

Shops:
D:5 (   D:7 *   D:10 *[*[   Orc:2 [[[?

Annotations:
D:7 3 runed translucent doors, TrebMcFLY's ghost, novice DECj
Swamp:2 3 runed translucent doors, Zenkrye's ghost, adept HOFi
Swamp:3 1 runed translucent door, Foxy's ghost, adept GrFi


Innate Abilities, Weirdness & Mutations

You have a pair of horns on your head.
You reflexively headbutt those who attack you in melee.
Your magical capacity is low. (-10% MP)
You are somewhat resistant to further mutation.
((You are occasionally teleported next to monsters.))
You occasionally lose the ability to read scrolls when taking damage.


Message History

You destroy the starcursed mass!
Okawaru accepts your kill.
You feel the corruption within you wane completely.
Your body's shape seems more normal.
You feel like a meek peon again.
You see here an abyssal rune of Zot.
Unknown command.
You pick up the abyssal rune and feel its power. 3 runes!
That's enough to enter the realm of Zot.
Press } to see all the runes you have collected.
You feel the abyssal rune guiding you out of this place.
You block the smoke demon's attack.
The smoke demon hits you but does no damage.
You block the smoke demon's attack. The smoke demon gestures at you.
The ball of steam hits you. You resist.
* * * LOW HITPOINT WARNING * * *
You slice the smoke demon!! You headbutt the smoke demon!
You kill the smoke demon!
Okawaru accepts your kill.
You can read scrolls again.
You start resting.
A deep elf demonologist comes into view.
It is wielding a +0 long sword.
There is an open door, spattered with blood here.
Things that are here:
a +0 club; a +0 robe; a naga corpse
There is an open door here.
There is an open door, spattered with blood here.
A tentacled monstrosity comes into view.
You fade into invisibility!
A ynoxinul comes into view.
The ynoxinul bellows!
A small abomination comes into view.
The ynoxinul bellows!
A starcursed mass comes into view.
A starcursed mass splits.
A chorus of shrieks assaults your mind.
* * * LOW HITPOINT WARNING * * *
You block the starcursed mass's attack. x2
You slice the starcursed mass!! You burn the starcursed mass.
The starcursed mass is heavily damaged.
You hit the starcursed mass. You burn the starcursed mass.
The starcursed mass shudders and is absorbed by its neighbour.
You open the starcursed mass like a pillowcase!!!
You burn the starcursed mass!
The starcursed mass is heavily damaged.
You hear a chilling moan.
A starcursed mass splits.
You slice the starcursed mass!! You burn the starcursed mass!
You destroy the starcursed mass!
Okawaru accepts your kill.
You closely miss the small abomination.
The small abomination closely misses you.
You furiously retaliate!
You headbutt the small abomination! You slice the tentacled monstrosity!!
You burn the tentacled monstrosity.
The tentacled monstrosity is moderately wounded.
You hit the small abomination. You burn the small abomination.
The small abomination barely misses you.
You furiously retaliate!
You headbutt the small abomination.
The starcursed mass shrieks in your mind.
* * * LOW HITPOINT WARNING * * *
A will-o-the-wisp comes into view.
The tentacled monstrosity tentacle-slaps you.
* * * LOW HITPOINT WARNING * * *
You block the tentacled monstrosity's attack. x2
The tentacled monstrosity grabs you.
The tentacled monstrosity constricts you.
Blink to where?
Press: ? - help, Dir - move target You escape the tentacled monstrosity's grasp.
As you read the scroll of blinking, it crumbles to dust.
The starcursed mass shrieks in your mind.
* * * LOW HITPOINT WARNING * * *
2 golden eyes come into view.
The golden eye turns its gaze towards you.
The golden eye blinks at you.
A golden eye comes into view.
A starcursed mass splits.
The golden eye blinks at you. x2
A chorus of shrieks assaults your mind.
* * * LOW HITPOINT WARNING * * *
A golden eye comes into view.
Unknown command.
Blink to where?
Press: ? - help, Dir - move target 2 golden eyes come into view.
As you read the scroll of blinking, it crumbles to dust.
The golden eye turns its gaze towards you.
The golden eye blinks at you. x2
You block the deep elf demonologist's attack.
The golden eye blinks at you.
The golden eye turns its gaze towards you.
The golden eye blinks!
The golden eye blinks at you. x2
You block the deep elf demonologist's attack.
The golden eye blinks at you. The efreet gestures at you.
The fireball explodes!
The fireball engulfs the golden eye!!
The golden eye dies!
The fireball engulfs you. You resist.
You die...

#....### #⌠.. .##
..#####.#......# #
# ...)##.#...#...#
### ....
#...#.#...#
#...#...#.#..#.#..#
##. ...##..#. ##.##
# .. ##3§.#.#. ##.
. .R#####e.G....#
....)..@## #. .. ##
#..##.G## # . #.G
##... ###. . .# #


You could see a deep elf demonologist, a smoke demon (unable to see you), an
efreet (unable to see you) and 3 golden eyes.

Vanquished Creatures
  2 tentacled starspawn
  Agnes (D:14)
  Gastronok (Lair:3)
  A thorn hunter (Swamp:3)
  2 nagarajas (Abyss:4)
  Donald (Swamp:1)
  Aizul (Spider:3)
  5 emperor scorpions (Spider:4)
  Louise (D:15)
  3 ghost moths (Spider:4)
  2 broodmothers
  A minotaur (Gauntlet)
  2 bunyips (Swamp:2)
  2 eleionomae
  2 entropy weavers
  A spark wasp (Spider:1)
  A fire dragon (Lair:5)
  2 shambling mangroves (Swamp:4)
  An ice dragon (Lair:5)
  2 rakshasas (D:15)
  A great orb of eyes (D:15)
  19 hydras
  Harold (D:9)
  4 boulder beetles
  3 centaur warriors
  3 catoblepae
  An ogre mage (D:15)
  4 ghost crabs
  A jorogumo (Spider:1)
  4 alligators
  3 radroaches
  A satyr (Abyss:4)
  3 two-headed ogres
  2 tengu warriors
  A death scarab (Spider:4)
  5 death yaks (Lair:2)
  11 thrashing horrors
  An orc high priest (Orc:2)
  A sun demon (Abyss:4)
  3 hell knights (Abyss:3)
  A large abomination (Abyss:4)
  A fire crab (Lair:2)
  Nergalle (Lair:2)
  5 wretched stars
  2 pharaoh ants
  3 skeletal warriors (D:15)
  A goliath frog (Swamp:1)
  8 steelbarb worms
  9 orb spiders
  2 spriggan druids (Swamp:2)
  A swamp dragon (shapeshifter) (D:14)
  2 bog bodies
  The ghost of Suckerboh the Cleaver, a novice GrFi of the Shining One (D:9)
  Pikel (D:8)
  10 swamp dragons
  4 orc knights
  3 deep elf pyromancers
  5 will-o-the-wisps
  5 lindwurms
  2 orc sorcerers (Orc:2)
  3 cyclopes
  A cyclops (shapeshifter) (D:15)
  2 worldbinders (Abyss:4)
  5 wolf spiders
  2 manticores
  8 ugly things
  2 moths of wrath
  A spectral centaur (D:9)
  A centaur zombie (D:9)
  12 elephants
  2 guardian serpents (Abyss:4)
  8 torpor snails
  A smoke demon (Abyss:4)
  9 cane toads
  3 black mambas
  A gargoyle (D:8)
  A cane toad (shapeshifter) (D:14)
  2 unseen horrors
  A kobold demonologist (D:10)
  An apocalypse crab (Abyss:4)
  An unseen horror (shapeshifter) (D:14)
  2 efreet
  6 komodo dragons
  6 rime drakes
  An ice devil (Gauntlet)
  4 demonic crawlers (Spider:1)
  A freezing wraith (D:15)
  2 tengu conjurers
  5 trolls
  2 ancient zymes (Abyss:4)
  9 meliai
  4 tarantellas
  A queen bee (Spider:1)
  2 polar bears
  A wolf spider simulacrum (D:14)
  9 slime creatures
  A slime creature (shapeshifter) (D:14)
  A spectral meliai (D:9)
  14 hornets
  Prince Ribbit (D:5)
  18 blink frogs
  4 raiju
  4 tyrant leeches
  A meliai zombie (D:9)
  15 jumping spiders
  Sigmund (D:5)
  2 centaur simulacra (D:9)
  5 spriggans
  22 starcursed masses
  6 wyverns
  2 shadows
  A culicivora (shapeshifter) (D:14)
  8 culicivoras
  3 ynoxinuls
  3 wraiths
  35 yaks
  Eustachio (D:5)
  A human (shapeshifter) (D:13)
  4 basilisks
  34 redbacks
  9 vampire mosquitoes
  A chaos spawn (Abyss:4)
  5 steam dragons
  6 swamp worms
  A warg (Orc:2)
  8 acid dragons
  12 water moccasins
  7 swamp drakes
  5 black bears
  An ice beast (D:6)
  31 orc warriors
  4 sky beasts
  12 ogres
  19 centaurs
  17 wolves
  4 lemures (D:8)
  2 kobold brigands (D:8)
  A scorpion (D:5)
  10 bullfrogs
  3 gnoll sergeants
  2 necrophages (D:4)
  16 wights
  23 killer bees
  3 howler monkeys
  7 jellies
  2 quasits (Abyss:4)
  6 orc priests
  2 gnoll boudas (D:5)
  2 hounds (D:5)
  Ijyb (D:4)
  6 iguanas
  16 orc wizards
  4 small abominations
  15 gnolls
  7 adders
  15 white imps
  An ufetubus (D:6)
  4 worms
  3 dart slugs
  68 orcs
  15 endoplasms
  2 giant cockroaches
  6 goblins
  4 hobgoblins
  2 quokkas
  10 ball pythons
  4 bats
  9 frilled lizards
  17 kobolds
  4 rats
  A bush (D:2)
  A lurking horror (Abyss:4)
  5 starspawn tentacles
923 creatures vanquished.

Vanquished Creatures (others)
  An alligator (Swamp:2)
  A tyrant leech (Swamp:4)
  A hornet (Swamp:1)
  3 bloated husks (Swamp:1)
  A starcursed mass (Abyss:3)
  A golden eye (Abyss:4)
  A swamp worm (Swamp:2)
  2 briar patches (Swamp:3)
  12 foxfires
  7 fungi
  65 plants
  2 starspawn tentacles (Abyss:3)
  7 toadstools (Lair:3)
104 creatures vanquished.

Grand Total: 1027 creatures vanquished

Notes
Turn   | Place    | Note
-------+----------+-------------------------------------------
     0 | D:1      | Flugkiller the Minotaur Fighter began the quest for the
                  | Orb.
     0 | D:1      | Reached XP level 1. HP: 19/19 MP: 0/0
   227 | D:1      | Reached XP level 2. HP: 27/27 MP: 1/1
   299 | D:1      | Found a faded altar of an unknown god.
   533 | D:1      | Reached skill level 4 in Armour
   844 | D:1      | Reached XP level 3. HP: 32/33 MP: 2/2
  2109 | D:3      | Reached XP level 4. HP: 40/40 MP: 3/3
  2456 | D:3      | Found an iron altar of Okawaru.
  2481 | D:3      | Became a worshipper of Warmaster Okawaru
  3038 | D:4      | Noticed Ijyb
  3045 | D:4      | Killed Ijyb
  3100 | D:4      | Noticed an ogre
  3108 | D:4      | Killed an ogre
  3109 | D:4      | Reached skill level 5 in Axes
  3109 | D:4      | Reached skill level 1 in Invocations
  3109 | D:4      | Reached XP level 5. HP: 34/47 MP: 4/4
  3221 | D:4      | Found a staircase to the Ecumenical Temple.
  3355 | D:4      | Identified the +2 leather armour of the Tundras {rF+ rN+}
  3424 | D:4      | Reached skill level 5 in Fighting
  3424 | D:4      | Reached skill level 5 in Armour
  3424 | D:4      | Reached XP level 6. HP: 48/56 MP: 6/6
  3645 | D:5      | Entered Level 5 of the Dungeon
  3645 | D:5      | Noticed a water moccasin
  3658 | D:5      | Killed a water moccasin
  3658 | D:5      | Reached * piety under Okawaru
  3841 | D:5      | Reached XP level 7. HP: 61/61 MP: 7/7
  3938 | D:5      | Noticed Sigmund
  3948 | D:5      | Killed Sigmund
  4008 | D:5      | Noticed Eustachio
  4044 | D:5      | Killed Eustachio
  4045 | D:5      | Reached skill level 6 in Armour
  4102 | D:5      | Reached ** piety under Okawaru
  4115 | D:5      | Found Amnatuts's Antique Weapon Shop.
  4154 | D:5      | Noticed Prince Ribbit
  4171 | D:5      | Killed Prince Ribbit
  4172 | D:5      | Reached XP level 8. HP: 27/70 MP: 9/9
  5505 | D:6      | Reached skill level 7 in Armour
  5644 | D:6      | Reached *** piety under Okawaru
  6315 | D:7      | Reached XP level 9. HP: 28/79 MP: 11/11
  6819 | D:7      | Reached skill level 5 in Shields
  6924 | D:7      | Reached skill level 5 in Invocations
  7007 | D:7      | Found a snail-covered altar of Cheibriados.
  7069 | D:7      | Reached skill level 10 in Axes
  7199 | D:7      | Found Neank's Neck Hole.
  7208 | D:7      | Reached **** piety under Okawaru
  7209 | D:7      | Reached skill level 8 in Armour
  7223 | D:7      | Bought the +1 cloak of Day {Regen+} for 214 gold pieces
  7293 | D:7      | Found a runed translucent gate.
  7293 | D:7      | Found a runed translucent gate.
  7293 | D:7      | Found a runed translucent gate.
  7334 | D:7      | Noticed TrebMcFLY's ghost (novice DECj)
  7517 | D:7      | Found an ornate altar of the Wu Jian Council.
  7521 | D:7      | Found a glowing silver altar of Zin.
  7524 | D:7      | Found a radiant altar of Vehumet.
  7872 | D:8      | Noticed Pikel
  7893 | D:8      | Killed Pikel
  7894 | D:8      | Reached XP level 10. HP: 37/88 MP: 13/13
  8181 | D:8      | Reached ***** piety under Okawaru
  8264 | D:8      | Found a sacrificial altar of Ru.
  8451 | D:8      | Found a shimmering blue altar of Sif Muna.
  8455 | D:8      | Found a shadowy altar of Dithmenos.
  8455 | D:8      | Found a hazy altar of Hepliaklqana.
  8455 | D:8      | Found a glowing golden altar of the Shining One.
  8538 | D:9      | Noticed a two-headed ogre
  8538 | D:9      | Noticed a gargoyle
  8548 | D:8      | Killed a gargoyle
  8588 | D:9      | Found a staircase to the Lair.
  8645 | D:9      | Reached skill level 9 in Armour
  8656 | D:9      | Killed a two-headed ogre
  8689 | D:9      | Found a burning altar of Makhleb.
  8698 | D:9      | Noticed a cacodemon
  8728 | D:9      | Noticed Harold
  8739 | D:9      | Killed Harold
  8763 | D:9      | Received a gift from Okawaru
  8837 | D:9      | Found a runed translucent gate.
  8838 | D:9      | Found a runed translucent gate.
  8839 | D:9      | Noticed a spectral centaur warrior
  8840 | D:9      | Found a runed translucent gate.
  8843 | D:9      | Noticed Suckerboh's ghost (novice GrFi)
  8856 | D:9      | Found the +3 hat of Pondering {ponderous, Will+ MP+10
                  | Int+5}
  9090 | D:10     | Entered Level 10 of the Dungeon
  9104 | D:10     | Reached XP level 11. HP: 97/97 MP: 15/15
  9139 | D:9      | Gained mutation: Your spells are a little harder to cast,
                  | but a little more powerful. [potion of mutation]
  9139 | D:9      | Gained mutation: Potions are less effective at restoring
                  | your health. [potion of mutation]
  9139 | D:9      | Lost mutation: Your spells are a little harder to cast, but
                  | a little more powerful. [potion of mutation]
  9140 | D:9      | Lost mutation: Potions are less effective at restoring your
                  | health. [potion of mutation]
  9140 | D:9      | Gained mutation: You are somewhat resistant to further
                  | mutation. [potion of mutation]
  9163 | D:9      | Killed Suckerboh's ghost
  9199 | D:9      | Identified the +4 sling "Quonetaosm" {speed, rN+ rCorr
                  | Str-3 Dex+2}
  9252 | D:10     | Noticed a soul eater
  9257 | D:10     | Reached skill level 10 in Armour
  9356 | D:10     | Identified the +0 pair of gloves "Zaxkiz" {rElec Will+
                  | Int+3} (Okawaru gifted it to you on level 10 of the
                  | Dungeon)
  9356 | D:10     | Received a gift from Okawaru
  9456 | D:10     | Reached skill level 10 in Fighting
  9485 | D:10     | Found Tisixkuc's Assorted Antiques.
  9590 | D:10     | Found Keoxecs's Assorted Antiques.
  9607 | D:10     | Found Avvulic's Antique Armour Boutique.
  9723 | D:10     | Found Ceggeopt's Armour Shop.
 10088 | D:11     | Found a staircase to the Orcish Mines.
 10464 | D:11     | Identified 3 scrolls of acquirement
 10474 | D:11     | Acquired 1016 gold pieces
 10479 | D:11     | Acquired 570 gold pieces
 10481 | D:11     | Acquired a +2 kite shield of protection
 10562 | Lair:1   | Entered Level 1 of the Lair of Beasts
 10587 | Lair:1   | Reached skill level 11 in Armour
 10591 | Lair:1   | Reached ****** piety under Okawaru
 10603 | Lair:1   | Reached XP level 12. HP: 62/107 MP: 17/17
 10825 | Lair:1   | Acquired a +3 broad axe of electrocution
 10833 | Lair:1   | Acquired a manual of Invocations
 10835 | Lair:1   | Acquired 676 gold pieces
 10977 | Lair:1   | Received a gift from Okawaru
 11171 | Lair:1   | Found a frozen archway.
 11553 | Lair:2   | Reached skill level 12 in Armour
 11648 | Lair:2   | Noticed a seven-headed hydra
 11657 | Lair:2   | Killed a two-headed hydra
 11686 | Lair:2   | Reached skill level 1 in Evocations
 11700 | Lair:2   | Reached skill level 15 in Axes
 11770 | Lair:2   | Identified the +1 scale mail of Qioxt {rF+ Will+}
 11782 | Lair:2   | Reached skill level 10 in Shields
 11910 | Lair:2   | Found a hole to the Spider Nest.
 11959 | Lair:2   | Noticed Nergalle
 11970 | Lair:2   | Killed Nergalle
 11971 | Lair:2   | Reached skill level 13 in Armour
 12066 | Lair:2   | Noticed a death yak
 12066 | Lair:2   | Noticed a death yak
 12066 | Lair:2   | Noticed a death yak
 12067 | Lair:2   | Noticed a death yak
 12067 | Lair:2   | Noticed a death yak
 12077 | Lair:2   | Killed a death yak
 12079 | Lair:2   | Killed a death yak
 12080 | Lair:2   | Reached XP level 13. HP: 91/116 MP: 19/19
 12083 | Lair:2   | Received a gift from Okawaru
 12089 | Lair:2   | Reached skill level 10 in Invocations
 12208 | D:10     | Bought a transparent plate armour for 700 gold pieces
 12208 | D:10     | Identified the +0 plate armour of the Moon {rC+ Str+3
                  | Dex+3} (You bought it in a shop on level 10 of the Dungeon)
 12486 | Lair:2   | Identified the +8 dagger "Newtbane" {drain, rF+ rN+++ Dex-2
                  | Stlth+}
 12941 | Lair:3   | Reached skill level 14 in Armour
 12963 | Lair:3   | Noticed Gastronok
 12978 | Lair:3   | Killed Gastronok
 13128 | Lair:3   | Found a staircase to the Swamp.
 13261 | Lair:3   | Found a runed translucent door.
 13611 | Lair:3   | Identified the +3 shadow dragon scales of the Wasteland
                  | {Str+3 Stlth++++}
 13729 | Lair:4   | Received a gift from Okawaru
 14139 | Lair:4   | Found a staircase to the Slime Pits.
 14568 | Lair:4   | Reached XP level 14. HP: 127/127 MP: 21/21
 14813 | Lair:5   | Entered Level 5 of the Lair of Beasts
 14846 | Lair:5   | Reached skill level 15 in Armour
 15186 | Lair:5   | Reached skill level 5 in Evocations
 15292 | Lair:5   | Reached skill level 1 in Dodging
 15405 | Lair:5   | Found a runed translucent door.
 15504 | Lair:5   | Paralysed by a hornet for 2 turns
 15521 | Lair:5   | Received a gift from Okawaru
 16257 | D:12     | Acquired the amulet "Mejocap" {Reflect +Blink rF+ rN+ SH+5}
 16340 | D:12     | Found a gate leading to a gauntlet.
 16348 | Gauntlet | Entered a Gauntlet
 16348 | Gauntlet | Found a transporter.
 16348 | Gauntlet | Found a transporter.
 16348 | Gauntlet | Found a transporter.
 16349 | Gauntlet | Found a transporter.
 16350 | Gauntlet | Found a transporter.
 16353 | Gauntlet | Found a transporter.
 16357 | Gauntlet | Found a runed translucent door.
 16357 | Gauntlet | Found a runed translucent door.
 16359 | Gauntlet | Found a transporter.
 16361 | Gauntlet | Found a transporter.
 16362 | Gauntlet | Found a transporter.
 16364 | Gauntlet | Found a transporter.
 16372 | Gauntlet | Found a transporter.
 16372 | Gauntlet | Found a transporter.
 16595 | Gauntlet | Identified the ring of Kull {Ice rPois Will- Int+3}
 17045 | D:12     | Found a sparkling altar of Nemelex Xobeh.
 17353 | D:12     | Reached skill level 16 in Armour
 17899 | D:13     | Found a faded altar of an unknown god.
 18612 | D:14     | Found a gate to the Vaults.
 18618 | D:14     | Received a gift from Okawaru
 18662 | D:14     | Noticed Agnes
 18671 | D:14     | Killed Agnes
 18672 | D:14     | Reached XP level 15. HP: 95/137 MP: 22/22
 19180 | D:15     | Entered Level 15 of the Dungeon
 19180 | D:15     | Noticed Louise
 19198 | D:15     | Killed Louise
 19339 | D:15     | Reached skill level 5 in Dodging
 19433 | D:15     | Reached skill level 17 in Armour
 20044 | D:15     | Found a staircase to the Depths.
 20535 | Orc:1    | Entered Level 1 of the Orcish Mines
 20676 | Orc:2    | Entered Level 2 of the Orcish Mines
 20676 | Orc:2    | Found a staircase to the Elven Halls.
 20689 | Orc:2    | Identified the +0 hat "Kaylatha" {Rampage} (Okawaru gifted
                  | it to you on level 2 of the Orcish Mines)
 20689 | Orc:2    | Received a gift from Okawaru
 21394 | Orc:2    | Found Qian's Antique Armour Emporium.
 21394 | Orc:2    | Found Mixze's Armour Boutique.
 21396 | Orc:2    | Found Robushux's Armour Shop.
 21398 | Orc:2    | Found Erilar's Magic Scroll Shoppe.
 21402 | Orc:2    | Bought an ancient plate armour for 896 gold pieces
 21402 | Orc:2    | Identified the +9 plate armour "Waufron" {Dex+3} (You
                  | bought it in a shop on level 2 of the Orcish Mines)
 21426 | Orc:2    | Bought a +2 plate armour of poison resistance for 555 gold
                  | pieces
 21593 | Swamp:1  | Entered Level 1 of the Swamp
 21723 | Swamp:1  | Identified the +8 quarterstaff of Cheibriados's Favour
                  | {spect, rF+ Str+3}
 21754 | Swamp:1  | Noticed Donald
 21866 | Swamp:1  | Killed Donald
 21940 | Swamp:2  | Noticed a fenstrider witch
 21968 | Swamp:2  | Reached skill level 15 in Fighting
 21979 | Swamp:2  | HP: 4/141 [five-headed hydra (18)]
 22039 | Swamp:2  | Found a runed translucent gate.
 22039 | Swamp:2  | Found a runed translucent gate.
 22047 | Swamp:2  | Noticed Zenkrye's ghost (adept HOFi)
 22049 | Swamp:2  | Found a runed translucent gate.
 22054 | Swamp:3  | Found a runed translucent door.
 22056 | Swamp:3  | Noticed Foxy's ghost (adept GrFi)
 22060 | Swamp:3  | Reached skill level 18 in Armour
 22064 | Swamp:3  | Noticed a thorn hunter
 22078 | Swamp:3  | Killed a thorn hunter
 22227 | Swamp:4  | Entered Level 4 of the Swamp
 22252 | Swamp:4  | Received a gift from Okawaru
 22255 | Swamp:4  | Reached XP level 16. HP: 137/149 MP: 23/23
 22449 | Swamp:4  | Identified the +8 hand axe "Mowk" {flame, Fly rPois Str-5
                  | Stlth-} (Okawaru gifted it to you on level 4 of the Swamp)
 22449 | Swamp:4  | Received a gift from Okawaru
 22541 | Swamp:4  | Got a decaying rune of Zot
 22667 | Spider:1 | Entered Level 1 of the Spider Nest
 22678 | Spider:1 | Reached skill level 15 in Shields
 23053 | Spider:1 | Received a gift from Okawaru
 23272 | Spider:2 | Reached skill level 19 in Armour
 23453 | Spider:3 | Noticed Aizul
 23458 | Spider:3 | Reached skill level 10 in Dodging
 23466 | Spider:3 | Killed Aizul
 23748 | Spider:3 | Acquired the +4 pair of boots of Incorporation {rF+ Will+
                  | Str+3}
 23765 | Spider:4 | Entered Level 4 of the Spider Nest
 23898 | Spider:4 | Identified the +6 war axe "Kav Wanulun" {vorpal, Will+}
                  | (Okawaru gifted it to you on level 4 of the Spider Nest)
 23898 | Spider:4 | Received a gift from Okawaru
 23967 | Spider:4 | Reached XP level 17. HP: 151/160 MP: 20/24
 24152 | Spider:4 | Got a gossamer rune of Zot
 24528 | Abyss:3  | Cast into level 3 of the Abyss (unwielding a weapon of
                  | distortion)
 24556 | Abyss:3  | Gained mutation: You occasionally lose the ability to read
                  | scrolls when taking damage. [mutagenic glow]
 24586 | Abyss:3  | Gained mutation: You are occasionally teleported next to
                  | monsters. [mutagenic glow]
 24630 | Abyss:3  | Gained mutation: Your magical capacity is low. (-10% MP)
                  | [mutagenic glow]
 24638 | Abyss:3  | Found a sacrificial altar of Ru.
 24894 | Abyss:4  | Received a gift from Okawaru
 25041 | Abyss:4  | Paralysed by accursed screaming for 2 turns
 25060 | Abyss:4  | Got an abyssal rune of Zot
 25094 | Abyss:4  | Noticed a tentacled monstrosity
 25107 | Abyss:4  | HP: 8/162 [starcursed mass/accursed screaming (4)]
 25109 | Abyss:4  | HP: 2/162 [starcursed mass/accursed screaming (6)]
 25111 | Abyss:4  | Killed from afar by an efreet

Illustrated notes

Levels and vault maps discovered:
D:1:      noname_arrival_rooms_in_the_neighbourhood, layout_basic,
          ebering_ecumenical_altar_webs, st_stairs_13, minmay_pentomino_q4
D:2:      layout_loops_corners, minmay_hedge_maze, minmay_cut_off
D:3:      layout_basic, lemuel_round_altar
D:4:      layout_rooms, minmay_temple_entry_glassed_door, uniq_ijyb
D:5:      layout_cave_pools, serial_gnoll_camp, gnoll_camp_mini_hut,
          gnoll_camp_mini_shop, gnoll_camp_mini_sergeant, gnoll_camp_mini_hut,
          grunt_ministairs_13, lightli_minifort, uniq_sigmund,
          uniq_prince_ribbit1, uniq_eustachio
D:6:      layout_basic
D:7:      layout_basic, grunt_temple_overflow_diamond, cheibrodos_worm_habitat,
          gammafunk_ghost_icy, minmay_misc_feat_rugged,
          nicolae_shop_sticking_my_neck_out
D:8:      layout_gridville, grunt_temple_overflow_open, general_overflow_altar,
          uniq_pikel
D:9:      layout_rooms, makhleb_altar_promises_db, david_lair_shrubbed,
          gammafunk_ghost_necromancy, uniq_harold
D:10:     layout_roguey, serial_shops, shop, kennysheep_mini,
          nicolae_shop_overgrown_old_shop, nicolae_twisting_strands,
          nicolae_stop_n_shop_1
D:11:     layout_small_grid, david_orc_2
D:12:     layout_stronghold, gauntlet_entry_generic, nemelex_lonely_heart_becter
D:13:     layout_irregular_city, serial_column_ruins, column_ruins_temple_hall,
          column_ruins_corridor_straight, column_ruins_columns_T,
          column_ruins_grid_1, column_ruins_grid_3, column_ruins_grid_1,
          column_ruins_columns_straight, nicolae_two_hexagons
D:14:     kennysheep_funnel, layout_basic, david_vaults_2,
          minmay_misc_feat_diagonals, uniq_agnes
D:15:     gammafunk_enter_depths_forms, layout_layer_cave, minmay_fountain_box,
          uniq_louise
Lair:1:   layout_gridlike, portal_ice_cave_entry_imps
Lair:2:   nzn_winding_woodlands_medium [nzn_winding_woodlands_5x5_cross,
          nzn_winding_woodlands_5x15_sidewinder,
          nzn_winding_woodlands_5x5_default, nzn_winding_woodlands_5x5_default,
          nzn_winding_woodlands_center_triple_pond,
          nzn_winding_woodlands_5x5_default,
          nzn_winding_woodlands_5x5_perimeter,
          nzn_winding_woodlands_5x15_sawtooth,
          nzn_winding_woodlands_5x5_open_star], layout_gridlike,
          nicolae_spider_entry_orb_guardian, uniq_nergalle
Lair:3:   gammafunk_lair_enchanted_lake, layout_misc_corridors,
          minmay_swamp_entry_wisps, uniq_gastronok
Lair:4:   layout_layer_cave, nicolae_slime_entry_slimehenge, grunt_megastairs_4
Lair:5:   guppyfry_lair_end_dragon, layout_cave_pods, wormcave
Swamp:1:  layout_basic_swamp, nicolae_swamp_decorative_isthmus, uniq_donald
Swamp:2:  layout_basic_swamp, gammafunk_ghost_hydra_chop,
          nicolae_swamp_tree_designs, nzn_swamp_stair_ambush,
          infiniplex_staircase_pool, uniq_roxanne
Swamp:3:  layout_falls_marsh, ebering_ghost_reflecting_pool,
          nicolae_swamp_bean_lake, swamp_pool5
Swamp:4:  swamp_alternative, layout_basic_swamp
Spider:1: layout_spider_delve, nicolae_looking_at_the_future
Spider:2: layout_spider_delve, guppyfry_spider_mini_3
Spider:3: layout_spider_delve, uniq_aizul
Spider:4: grunt_spider_rune_circles
Orc:1:    layout_caves, basic_altar
Orc:2:    st_orc_rangers, layout_diamond_mine
Abyss:4:  base: Lair:2, spicy_abyss_pitcher_plant, bh_silent_lugonu_exit,
          minivault_4, hangedman_abyss_or_decor_passed,
          nicolae_abyss_rune_left_handed

Skill      XL: |  1  2  3  4  5  6  7  8  9 10 11 12 13 14 15 16 17 |
---------------+----------------------------------------------------+-----
Axes           | 3 4 5 6 7 9 10 12 14 15 17 18 | 18.0
Fighting       | 4 5 6 7 8 9 10 11 12 13 15 16 17 | 17.5
Armour         | 4 5 6 7 8 9 11 13 14 16 18 19 | 19.9
Invocations    | 1 2 3 4 5 6 8 9 11 | 11.0
Shields        | 4 6 7 9 10 11 12 14 15 16 | 16.7
Evocations     | 2 4 6 |  6.0
Dodging        | 4 8 10 11 | 11.6

Action                   |  1- 3 |  4- 6 |  7- 9 | 10-12 | 13-15 | 16-18 || total
-------------------------+-------+-------+-------+-------+-------+-------++-------
Melee: War axe           |   154 |    97 |   124 |   340 |       |       ||   715
       Headbutt          |    32 |    10 |    52 |   103 |   208 |   130 ||   535
       Unarmed           |       |       |    16 |       |       |       ||    16
       Broad axe         |       |       |   120 |   171 |   960 |   535 ||  1786
Invok: Heroism           |       |       |       |     2 |    16 |     9 ||    27
       Finesse           |       |       |       |       |     5 |     3 ||     8
Evoke: Tin of tremorston |       |       |       |       |     2 |     2 ||     4
  Use: Potion            |       |       |     3 |     9 |     6 |     1 ||    19
       Scroll            |       |       |     9 |    18 |    16 |     8 ||    51
 Stab: Invisible         |       |       |       |     2 |       |       ||     2
       Petrifying        |       |       |       |       |     1 |       ||     1
       Confused          |       |       |       |       |       |     3 ||     3
Armor: Plate armour      |    65 |    71 |   173 |       |   575 |   276 ||  1160
       Scale mail        |     2 |       |       |       |       |       ||     2
       Skin              |       |       |     8 |       |       |       ||     8
       Chain mail        |       |       |       |   352 |     4 |       ||   356
Dodge: Dodged            |    22 |     8 |    78 |   157 |   302 |   159 ||   726
Block: Buckler           |    20 |     1 |       |       |       |       ||    21
       Kite shield       |       |    46 |   172 |   394 |   867 |   559 ||  2038
       Reflection        |       |       |       |       |    92 |     7 ||    99
